 Dungeon Crawl Stone Soup version 0.17.1-3-g152610e (webtiles) character file.

72991 kropeczka the Severer (level 15, -2/139 HPs)
             Began as a Minotaur Fighter on Feb 28, 2016.
             Was the Champion of Okawaru.
             Killed from afar by a thorn hunter (43 damage)
             ... with a volley of thorns
             ... on level 2 of the Swamp on Feb 29, 2016.
             The game lasted 03:37:38 (19490 turns).

kropeczka the Severer (Minotaur Fighter)           Turns: 19490, Time: 03:37:38

Health: -2/139     AC: 31    Str: 22    XL:     15   Next: 2%
Magic:  13/17      EV: 13    Int:  7    God:    Okawaru [******]
Gold:   1085       SH: 16    Dex: 15    Spells: 0 memorised, 14 levels left

rFire  x . .     SeeInvis .     a - +6 broad axe (flame)
rCold  + + .     Clarity  .     D - +0 plate armour
rNeg   + . .     SustAt   .     f - +0 shield
rPois  .         Gourm    .     U - +1 hat
rElec  .         Spirit   .     S - +1 cloak
rCorr  .         Warding  +     (no gloves)
rMut   .         Stasis   .     B - +2 pair of boots
MR     +....                    d - amulet "Mego" {Ward rC+ rN+ Int+2}
Stlth  ..........               b - ring of ice
                                v - +5 ring of protection

@: heroism, finesse, somewhat resistant to hostile enchantments, extremely
unstealthy
A: retaliatory headbutt, horns 2
a: Heroism, Finesse, Renounce Religion


You were on level 2 of the Swamp.
You worshipped Okawaru.
Okawaru was exalted by your worship.
You were not hungry.

You visited 5 branches of the dungeon, and saw 20 of its levels.

You collected 1202 gold pieces.
You spent 117 gold pieces at shops.

Inventory:

Hand Weapons
 a - a +6 broad axe of flaming (weapon)
Missiles
 c - 6 javelins of penetration
 e - 4 poisoned javelins
 T - 2 steel javelins (quivered)
Armour
 f - a +0 shield (worn)
 B - a +2 pair of boots (worn)
 D - a +0 plate armour (worn)
 S - a +1 cloak (worn)
 U - a +1 hat (worn)
Jewellery
 b - a ring of ice (right hand)
 d - the amulet "Mego" (around neck) {Ward rC+ rN+ Int+2}
   (You found it on level 1 of the Swamp)

   [amulet of warding]

   It may prevent the melee attacks of summoned creatures.
   It affects your intelligence (+2).
   It protects you from cold.
   It protects you from negative energy.
 n - a +2 ring of slaying
 u - an uncursed amulet of clarity
 v - a +5 ring of protection (left hand)
 A - an uncursed ring of ice
 M - an uncursed ring of protection from fire
 Y - an uncursed amulet of resist corrosion
Wands
 i - a wand of disintegration (17)
 y - a wand of digging (11)
 J - a wand of lightning (5)
 N - a wand of flame (27)
 P - a wand of fireball (0)
 R - a wand of polymorph (15)
 V - a wand of cold (5)
 X - a wand of draining (6)
Scrolls
 h - a scroll of torment {unknown}
 j - a scroll of immolation
 k - 3 scrolls of fog
 l - 5 scrolls of identify
 m - 2 scrolls of fear
 q - 3 scrolls of enchant weapon
 r - 3 scrolls of remove curse
 t - a scroll of brand weapon {unknown}
 w - a scroll of holy word {unknown}
 x - 2 scrolls of summoning {unknown}
 E - 2 scrolls of enchant armour {unknown}
 G - 9 scrolls of teleportation
 K - 2 scrolls of recharging
 L - 2 scrolls of magic mapping {unknown}
 Q - a scroll of blinking {unknown}
 Z - 2 scrolls of vulnerability {unknown}
Potions
 g - a potion of curing
 z - 2 potions of flight
 I - a potion of agility
Comestibles
 o - 5 chunks of flesh
 p - 9 slices of pizza
 s - 11 bread rations
 C - 10 meat rations
 W - 16 fruits


   Skills:
 + Level 14.7(19.7) Fighting
 + Level 16.2(21.2) Axes
 - Level 6.0(11.0) Throwing
 + Level 13.7(18.7) Armour
 + Level 5.6(10.6) Dodging
 + Level 14.6(19.6) Shields
 + Level 5.2 Invocations
 + Level 1.0 Evocations


You had 14 spell levels left.
You didn't know any spells.

Dungeon Overview and Level Annotations

Branches:
Dungeon (8/15)             Temple (1/1) D:5            Lair (8/8) D:8
  Swamp (2/4) Lair:4       Spider (0/4) Lair:3        Slime (1/6) Lair:7

Altars:
Ashenzari
Cheibriados
Dithmenos
Fedhas
Gozag
Kikubaaqudgha
Nemelex Xobeh
Okawaru
Qazlal
Trog
Xom
Yredelemnul

Shops:
D:6 *

Annotations:
Lair:3 exclusion: oklob plant


Innate Abilities, Weirdness & Mutations

You reflexively headbutt those who attack you in melee.
You have a pair of horns on your head.


Message History

You slash the thorn hunter! You burn the thorn hunter.
The thorn hunter is lightly damaged.
You slash the thorn hunter! You burn the thorn hunter.
The thorn hunter is heavily damaged.
You hit the thorn hunter but do no damage.
The thorn hunter is lightly damaged.
The thorn hunter fires a volley of thorns at you.
The volley of thorns hits you!
* * * LOW HITPOINT WARNING * * *
You feel better. You block the thorn hunter's attack.
You block the thorn hunter's attack. x3
You feel better.
Thorny briars emerge from the ground!
You feel better. You block the thorn hunter's attack.
The thorn hunter completely misses you.
You feel better. The thorn hunter completely misses you.
You block the thorn hunter's attack.
The thorn hunter hits you but does no damage. x4
The thorn hunter fires a volley of thorns at you.
The volley of thorns hits you!
You die...

♣PPP....≈.÷PP≈≈.≈≈♣
♣PPP.♣♣≈≈≈≈≈.≈≈.≈≈≈
♣§≈≈♣♣♣.≈.≈.....≈≈≈
.≈.≈..
♣..♣.♣.≈♣.≈≈.≈
≈.♣..
♣.≈≈≈.♣≈♣.♣≈.≈ ≈
♣.≈ ♣.≈..♣♣....≈.≈
.♣ ♣k?.♣♣ ..♣....
≈♣ ♣ff.♣ ♣≈♣ ♣@≈.♣
♣..≈.♣ ♣≈§≈≈.♣
..≈≈..♣♣ P♣♣♣♣♣.♣ ♣
♣♣


You could see 2 thorn hunters and a swamp drake.

Vanquished Creatures
  An azure jelly (Slime:1)
  The ghost of KrozogBurug the Destroyer, a journeyman OgWz of Okawaru (Lair:8)
  6 dire elephants (Lair:8)
  A fire dragon (Lair:4)
  Josephine (Lair:8)
  10 hydras
  An anaconda (Lair:8)
  4 alligators
  4 death yaks
  The ghost of Gargoyl the Skirmisher, a novice DsAK of Lugonu (Lair:1)
  Urug (Lair:2)
  A spriggan berserker (Swamp:1)
  2 spriggan druids (Swamp:1)
  A swamp dragon (Swamp:1)
  A lindwurm (Lair:3)
  9 elephants
  5 griffons
  A manticore (Lair:6)
  A torpor snail (Lair:4)
  Psyche (D:8)
  5 komodo dragons
  6 black mambas
  19 spiny frogs
  6 fire drakes
  21 blink frogs
  2 polar bears
  A giant leech (Swamp:1)
  2 boulder beetles
  9 slime creatures (Swamp:2)
  2 bog bodies (Swamp:1)
  Sigmund (D:4)
  5 spriggans (Swamp:1)
  5 wyverns
  9 basilisks
  A deep elf fighter (D:8)
  3 wraiths (Lair:8)
  27 yaks
  3 vampire mosquitoes (Swamp:1)
  13 hippogriffs
  21 wolves
  4 insubstantial wisps (Swamp:2)
  9 swamp worms
  3 swamp drakes
  2 ice beasts
  6 wasps (Swamp:1)
  7 water moccasins
  An orc warrior (D:7)
  A sky beast (D:8)
  14 porcupines
  Purgy (D:4)
  7 ogres
  A phantom (D:7)
  4 centaurs
  19 crocodiles
  2 big kobolds (D:8)
  20 giant frogs
  A scorpion (D:7)
  5 wights (D:5)
  2 crimson imps
  15 killer bees
  2 centaur zombies
  2 electric eels (Lair:7)
  A jelly (D:6)
  A quasit (D:7)
  5 hounds
  2 orc priests (D:7)
  4 centaur skeletons
  A giant frog zombie (D:8)
  6 iguanas
  5 worker ants
  4 hell rats
  4 orc wizards
  34 sheep
  3 hound skeletons
  Robin (D:4)
  10 adders
  11 gnolls
  64 river rats
  2 oozes
  A worm (D:3)
  An adder skeleton (D:7)
  6 giant geckos
  20 orcs
  3 giant cockroaches
  11 goblins
  12 hobgoblins
  11 jackals
  5 kobolds
  4 quokkas
  A ball python (D:3)
  9 bats
  5 giant newts
  A quokka skeleton (D:4)
  20 rats
  5 briar patches (Swamp:2)
  3 bushes
  43 fungi
  13 plants
674 creatures vanquished.

Vanquished Creatures (others)
  A bat (D:2)
  A rat (D:2)
  A briar patch (Swamp:2)
  35 fungi
  14 plants
52 creatures vanquished.

Grand Total: 726 creatures vanquished

Notes
Turn   | Place    | Note
--------------------------------------------------------------
     0 | D:1      | kropeczka the Minotaur Fighter began the quest for the Orb.
     0 | D:1      | Reached XP level 1. HP: 19/19 MP: 0/0
   178 | D:2      | Found a bloodstained altar of Trog.
   303 | D:2      | Reached skill level 4 in Armour
   303 | D:2      | Reached XP level 2. HP: 21/27 MP: 1/1
   581 | D:2      | Reached XP level 3. HP: 30/33 MP: 2/2
   968 | D:2      | Found a stormy altar of Qazlal.
  1080 | D:3      | Found an ancient bone altar of Kikubaaqudgha.
  1130 | D:3      | Reached XP level 4. HP: 40/40 MP: 3/3
  1396 | D:3      | Found an opulent altar of Gozag.
  1397 | D:3      | Found a basalt altar of Yredelemnul.
  1514 | D:3      | HP: 2/40 [poisoned by an adder]
  1833 | D:3      | Reached XP level 5. HP: 40/46 MP: 4/4
  2096 | D:4      | Reached skill level 1 in Dodging
  2100 | D:4      | Reached skill level 5 in Armour
  2108 | D:4      | Noticed Robin
  2113 | D:4      | Reached skill level 5 in Shields
  2121 | D:4      | Killed Robin
  2290 | D:4      | Noticed Purgy
  2303 | D:4      | Killed Purgy
  2303 | D:4      | Reached skill level 1 in Throwing
  2303 | D:4      | Reached XP level 6. HP: 45/55 MP: 5/5
  2463 | D:4      | Found a snail-covered altar of Cheibriados.
  2649 | D:4      | Reached skill level 5 in Fighting
  2668 | D:4      | Noticed Sigmund
  2690 | D:4      | Killed Sigmund
  2690 | D:4      | Reached XP level 7. HP: 37/61 MP: 6/6
  2766 | D:4      | Noticed an ogre
  2775 | D:4      | Killed an ogre
  2775 | D:4      | Reached skill level 6 in Armour
  2875 | D:5      | Entered Level 5 of the Dungeon
  2884 | D:5      | Reached skill level 5 in Axes
  3034 | D:5      | Found a staircase to the Ecumenical Temple.
  3044 | Temple   | Entered the Ecumenical Temple
  3048 | Temple   | Became a worshipper of Warmaster Okawaru
  3332 | D:5      | Reached XP level 8. HP: 56/70 MP: 7/7
  3381 | D:5      | Found a shadowy altar of Dithmenos.
  3618 | D:5      | Reached * piety under Okawaru
  3763 | D:5      | Reached skill level 7 in Armour
  4244 | D:6      | Found Ciosuoz's Assorted Antiques.
  4254 | D:6      | Bought a scroll labeled ZYRUPO AZA UZIYST for 30 gold pieces
  4254 | D:6      | Bought a scroll labeled PARO FIKHLISET for 30 gold pieces
  4254 | D:6      | Bought a smoky red potion for 27 gold pieces
  4254 | D:6      | Bought a scroll labeled PARAT ICECRI for 30 gold pieces
  4635 | D:7      | Reached XP level 9. HP: 74/79 MP: 8/8
  4666 | D:7      | Reached ** piety under Okawaru
  4786 | D:6      | Reached skill level 8 in Axes
  5221 | D:7      | Found a sparkling altar of Nemelex Xobeh.
  6020 | D:8      | Found a staircase to the Lair.
  6035 | D:8      | Reached skill level 9 in Shields
  6080 | D:8      | Reached *** piety under Okawaru
  6123 | D:8      | Reached XP level 10. HP: 60/88 MP: 9/9
  6377 | D:8      | Noticed Psyche
  6578 | D:8      | Noticed a three-headed hydra
  6893 | D:8      | Killed Psyche
  7100 | Lair:1   | Entered Level 1 of the Lair of Beasts
  7158 | D:8      | Reached skill level 1 in Invocations
  7202 | D:8      | Reached **** piety under Okawaru
  7222 | D:8      | HP: 4/90 [blink frog (9)]
  7240 | D:8      | Reached skill level 10 in Armour
  7556 | Lair:1   | Reached skill level 10 in Shields
  7684 | Lair:1   | Reached skill level 10 in Axes
  7783 | Lair:1   | Received a gift from Okawaru
  7918 | Lair:1   | Noticed Gargoyl's ghost (novice DsAK)
  7970 | Lair:1   | Killed Gargoyl's ghost
  7970 | Lair:1   | Reached XP level 11. HP: 70/97 MP: 11/11
  8105 | Lair:1   | Reached ***** piety under Okawaru
  8506 | Lair:1   | Received a gift from Okawaru
  8723 | Lair:2   | Noticed Urug
  8744 | Lair:2   | Killed Urug
  8744 | Lair:2   | Received a gift from Okawaru
  8744 | Lair:2   | Reached skill level 11 in Shields
  9103 | Lair:2   | Received a gift from Okawaru
  9754 | Lair:2   | Reached skill level 10 in Fighting
  9775 | Lair:2   | Noticed a four-headed hydra
 10172 | Lair:3   | Reached skill level 12 in Shields
 10196 | Lair:3   | Noticed a four-headed hydra
 10204 | Lair:3   | Killed a one-headed hydra
 10204 | Lair:3   | Received a gift from Okawaru
 10219 | Lair:3   | Got a dazzling scale mail {god gift}
 10230 | Lair:3   | Identified the +0 scale mail "Wegarch" {rElec rC+} (Okawaru gifted it to you on level 3 of the Lair of Beasts)
 10359 | Lair:3   | Reached XP level 12. HP: 97/108 MP: 12/12
 10385 | Lair:3   | Noticed an eight-headed hydra
 10397 | Lair:3   | Killed a three-headed hydra
 10574 | Lair:3   | Noticed a lindwurm
 10596 | Lair:3   | Killed a lindwurm
 10750 | Lair:3   | Found a hole to the Spider Nest.
 11021 | Lair:2   | Killed a one-headed hydra
 11386 | Lair:4   | Found a staircase to the Swamp.
 11982 | Lair:4   | Noticed a fire dragon
 12002 | Lair:4   | Killed a fire dragon
 12222 | Lair:5   | Reached skill level 13 in Axes
 12301 | Lair:5   | Received a gift from Okawaru
 12343 | Lair:5   | Noticed a six-headed hydra
 12352 | Lair:5   | Killed a one-headed hydra
 12352 | Lair:5   | Reached skill level 5 in Dodging
 12383 | Lair:5   | Reached XP level 13. HP: 90/118 MP: 15/15
 12468 | Lair:5   | Got a fine dagger
 12490 | Lair:5   | Identified the cursed +1 dagger "Muurr" {freeze, rPois rC+} (You found it on level 5 of the Lair of Beasts)
 13206 | Lair:7   | Received a gift from Okawaru
 13452 | Lair:7   | Found a staircase to the Slime Pits.
 13567 | Lair:7   | Reached skill level 14 in Axes
 13573 | Lair:7   | Reached skill level 5 in Throwing
 14500 | Lair:8   | Entered Level 8 of the Lair of Beasts
 14515 | Lair:8   | Noticed KrozogBurug's ghost (journeyman OgWz)
 15103 | Lair:8   | Killed KrozogBurug's ghost
 15538 | Lair:8   | Reached skill level 5 in Invocations
 15822 | Lair:8   | Noticed Josephine
 15927 | Lair:6   | Reached XP level 14. HP: 129/129 MP: 16/16
 16137 | Lair:6   | Reached skill level 15 in Axes
 16550 | Lair:8   | Killed Josephine
 17576 | Lair:8   | Reached ****** piety under Okawaru
 17622 | Slime:1  | Entered Level 1 of the Pits of Slime
 17625 | Slime:1  | Noticed an azure jelly
 17633 | Slime:1  | Noticed an acid blob
 17635 | Slime:1  | Killed an azure jelly
 17635 | Slime:1  | Received a gift from Okawaru
 18050 | Swamp:1  | Entered Level 1 of the Swamp
 18639 | Swamp:1  | Reached skill level 16 in Axes
 18916 | Swamp:1  | Reached skill level 1 in Evocations
 18936 | Swamp:1  | Received a gift from Okawaru
 18951 | Swamp:1  | Got a transparent sapphire amulet
 19069 | Swamp:1  | Identified the amulet "Mego" {Ward rC+ rN+ Int+2} (You found it on level 1 of the Swamp)
 19386 | Swamp:2  | Reached XP level 15. HP: 105/139 MP: 17/17
 19455 | Swamp:2  | Noticed a thorn hunter
 19459 | Swamp:2  | Noticed a thorn hunter
 19480 | Swamp:2  | HP: 5/139 [thorn hunter/volley of thorns (15)]
 19490 | Swamp:2  | Killed from afar by a thorn hunter

Action                   |  1- 3 |  4- 6 |  7- 9 | 10-12 | 13-15 || total
-------------------------+-------+-------+-------+-------+-------++-------
Melee: War axe           |    61 |   156 |   370 |   390 |       ||   977
       Broad axe         |       |       |       |   305 |   786 ||  1091
Throw: Stone             |     9 |    22 |    50 |    32 |       ||   113
       Javelin           |       |       |       |    24 |    60 ||    84
Invok: Heroism           |       |       |     3 |    12 |     9 ||    24
       Finesse           |       |       |       |     3 |     5 ||     8
Evoke: Wand              |       |       |       |     1 |     5 ||     6
       Box of beasts     |       |       |       |       |     1 ||     1
  Use: Scroll            |       |       |       |    10 |    15 ||    25
       Potion            |       |       |       |     1 |    10 ||    11
  Eat: Chunk             |     1 |     1 |     7 |    16 |    14 ||    39
       Bread ration      |       |     1 |       |       |       ||     1
       Fruit             |       |       |     2 |     3 |     7 ||    12
       Pizza             |       |       |     1 |       |       ||     1
       Beef jerky        |       |       |       |     3 |     1 ||     4
       Royal jelly       |       |       |       |       |     2 ||     2
